Map: Prion Terraces

Players

SticklerMac - Winner!

  • Race: Zerg Zerg

Sommeil

  • Race: Protoss Protoss

VOD

Have the link to the VOD?

Description

Time

  • Played on: Nov. 10, 2015, 12:22 a.m.
  • Length: 11:34
Show
View Real Time Build Order
Export as new Build Order

SticklerMac Zerg - Winner!

Build Orders: Hatch First 

Get SALT Encoding   

  12  0:01  Drone  
  13  0:13  Overlord  
  13  0:17  Drone  
  14  0:31  Drone x2  
  16  0:36  Drone  
  17  0:53  Hatchery  
  17  0:56  Drone  
  17  0:59  Drone  
  17  1:04  Extractor  
  17  1:15  Spawning Pool  
  16  1:20  Drone  
  16  1:22  Drone  
  18  1:32  Drone  
  19  1:40  Drone  
  20  1:50  Drone  
  21  2:02  Drone  
  21  2:06  Metabolic Boost  
  22  2:13  Queen x2  
  27  2:15  Drone x2  
  28  2:29  Overlord  
  28  2:30  Overlord  
  28  2:46  Overlord  
  28  2:55  Drone  
  28  2:56  Drone x4  
  33  3:07  Drone  
  33  3:08  Drone  
  35  3:21  Drone x4  
  35  3:22  Drone  
  40  3:31  Zergling x8  
  40  3:33  Queen x2  
  48  3:37  Overlord  
  48  3:47  Drone x2  
  50  3:51  Extractor  
  50  3:52  Drone x2  
  50  3:57  Extractor  
  49  4:09  Drone x3  
  52  4:10  Drone  
  53  4:18  Hatchery  
  53  4:19  Drone x2  
  53  4:20  Drone x2  
  56  4:31  Extractor  
  55  4:33  Drone x2  
  57  4:46  Lair  
  57  4:54  Overlord x2  
  57  4:55  Overlord x5  
  57  5:14  Overlord  
  57  5:31  Queen  
  59  5:38  Zergling x4  
  59  5:39  Zergling x6  
  59  5:42  Drone x4  
  68  5:43  Drone  
  68  5:47  Spire  
  68  5:53  Drone x2  
  68  5:54  Drone x6  
  75  6:01  Spore Crawler x2  
  70  6:04  Evolution Chamber  
  70  6:07  Spore Crawler  
  69  6:13  Spore Crawler  
  69  6:14  Spore Crawler  
  67  6:33  Drone  
  67  6:34  Drone x2  
  67  6:35  Drone x2  
  67  6:39  Drone  
  73  6:40  Drone x8  
  73  6:44  Extractor  
  73  6:45  Extractor  
  79  7:03  Mutalisk  
  79  7:04  Mutalisk x11  
  103  7:09  Mutalisk  
  103  7:10  Mutalisk  
  107  7:24  Mutalisk x3  
  107  7:28  Zergling x18  
  122  7:36  Overlord x2  
  122  7:54  Overlord x3  
  122  7:55  Overlord x2  
  122  8:02  Hatchery  
  122  8:05  Mutalisk x6  
  123  8:06  Mutalisk  
  129  8:40  Mutalisk x5  
  130  8:56  Mutalisk  
  130  8:57  Mutalisk  
  121  9:03  Zergling x8  
  121  9:04  Zergling x2  
  102  9:23  Queen  
  104  9:38  Mutalisk  
  104  9:39  Mutalisk x5  
  104  9:42  Zergling x2  
  104  9:43  Zergling x16  
  125  9:58  Mutalisk  
  125  9:59  Mutalisk x2  
  124  10:00  Zergling x6  
  124  10:01  Zergling x6  
  124  10:07  Mutalisk  
  124  10:08  Zergling x2  
  124  10:09  Zergling x10  
  123  10:16  Mutalisk  
  123  10:17  Mutalisk  
  123  10:18  Zergling x10  
  110  10:32  Zergling x2  
  110  10:33  Zergling x14  
  102  10:46  Zergling x6  
  102  10:47  Zergling x14  
  105  11:00  Zergling x4  
  105  11:01  Zergling x6  
  107  11:10  Mutalisk  
Show
View Real Time Build Order
Export as new Build Order

Sommeil Protoss 

Build Orders:  

Get SALT Encoding   

  12  0:01  Probe (Chrono Boost)  
  14  0:14  Probe (Chrono Boost)  
  14  0:32  Pylon  
  14  0:36  Probe (Chrono Boost)  
  15  0:50  Probe (Chrono Boost)  
  16  1:01  Probe (Chrono Boost)  
  17  1:05  Forge  
  17  1:21  Nexus  
  17  1:38  Gateway  
  18  1:47  Probe (Chrono Boost)  
  18  1:57  Probe (Chrono Boost)  
  18  2:00  Pylon  
  19  2:08  Probe (Chrono Boost)  
  20  2:18  Probe (Chrono Boost)  
  20  2:20  Assimilator  
  21  2:30  Cybernetics Core  
  21  2:31  Probe (Chrono Boost)  
  21  2:33  Probe (Chrono Boost)  
  23  2:42  Probe (Chrono Boost)  
  25  2:44  Probe (Chrono Boost)  
  25  2:48  Assimilator  
  25  2:50  Zealot (Chrono Boost)  
  27  2:52  Probe (Chrono Boost)  
  27  2:54  Probe (Chrono Boost)  
  29  3:06  Probe (Chrono Boost)  
  29  3:07  Probe (Chrono Boost)  
  29  3:10  Warp Gate (Chrono Boost)  
  31  3:16  Probe (Chrono Boost)  
  31  3:18  Probe (Chrono Boost)  
  33  3:21  Adept (Chrono Boost)  
  33  3:26  Probe  
  35  3:29  Probe  
  37  3:37  Assimilator  
  37  3:39  Probe (Chrono Boost)  
  38  3:41  Assimilator  
  38  3:47  Pylon  
  38  3:48  Pylon  
  38  3:49  Pylon  
  38  4:04  Stalker  
  38  4:05  Mothership Core (Chrono Boost), Probe (Chrono Boost)  
  43  4:14  Stargate  
  43  4:15  Probe (Chrono Boost)  
  44  4:20  Protoss Ground Weapons Level 1 (Chrono Boost)  
  44  4:22  Probe (Chrono Boost)  
  45  4:26  Probe  
  45  4:28  Gateway  
  46  4:32  Probe, Pylon  
  46  4:37  Gateway  
  47  4:40  Gateway x2, Probe  
  47  4:43  Probe (Chrono Boost)  
  49  4:52  Probe (Chrono Boost)  
  49  4:56  Probe (Chrono Boost)  
  49  4:57  Oracle (Chrono Boost)  
  54  5:16  Sentry  
  54  5:19  Probe  
  54  5:21  Probe  
  58  5:33  Probe  
  59  5:37  Sentry x3  
  59  5:38  Sentry, Robotics Facility  
  59  5:40  Probe  
  68  5:44  Pylon  
  68  5:45  Probe, Pylon  
  68  5:48  Pylon  
  69  6:01  Probe x2  
  69  6:03  Sentry x2  
  75  6:26  Adept x2  
  75  6:27  Adept x3  
  75  6:29  Nexus  
  75  6:31  Pylon  
  85  6:33  Pylon  
  85  6:36  Probe  
  85  6:38  Probe  
  85  6:39  Protoss Ground Armor Level 1  
  87  6:45  Twilight Council  
  87  6:49  Photon Cannon  
  87  6:50  Probe  
  87  6:51  Photon Cannon  
  87  6:52  Photon Cannon  
  88  7:00  Gateway  
  88  7:01  Gateway, Pylon  
  88  7:05  Gateway, Adept  
  88  7:06  Adept  
  88  7:08  Robotics Bay  
  92  7:09  Zealot  
  92  7:10  Zealot  
  96  7:15  Probe x2 (Chrono Boost)  
  98  7:37  Blink (Chrono Boost)  
  98  7:38  Stalker x3  
  98  7:39  Stalker  
  98  7:42  Stalker  
  108  7:54  Probe x3 (Chrono Boost)  
  111  8:01  Stalker  
  113  8:06  Pylon  
  113  8:09  Pylon  
  104  8:27  Stalker x4  
  104  8:28  Stalker x4  
  104  8:30  Probe (Chrono Boost)  
  104  8:31  Probe x2 (Chrono Boost)  
  123  8:35  Assimilator  
  123  8:37  Assimilator  
  123  8:39  Pylon  
  123  8:41  Probe  
  123  8:42  Pylon  
  123  8:43  Probe  
  123  8:57  Stalker x5  
  123  9:02  Pylon  
  125  9:03  Protoss Ground Weapons Level 2  
  115  9:28  Disruptor  
  118  9:34  Adept x3  
  124  9:39  Pylon  
  124  9:43  Pylon  
  124  9:53  Pylon  
  122  10:01  Stalker x2  
  122  10:02  Stalker x5  
  122  10:04  Disruptor  
  117  10:17  Probe  
  117  10:18  Probe  
  117  10:19  Probe  
  116  10:27  Stalker x7  
  112  10:39  Warp Prism  
  102  10:51  Stalker x6  
  102  10:52  Stalker  
  104  11:08  Pylon  
  92  11:21  Zealot  
  92  11:22  Gateway, Zealot x6  
  92  11:24  Gateway  
  92  11:25  Gateway  
Tags
 
Add a new tag
Caveats
  • Supply blocks, unpowered buildings, or Contaminate may cause inaccurate times.
  • Supply counts are checked every 10 seconds.